 Dungeon Crawl Stone Soup version 0.27-a0-1184-ge86db4a01e (webtiles) character file.

Game seed: 15117336243638345701

58 leviel the Skirmisher (level 3, -1/33 HPs)
             Began as a Minotaur Fighter on May 18, 2021.
             Slain by a gnoll
             ... wielding a +0 spear
              (4 damage)
             ... on level 2 of the Dungeon.
             The game lasted 00:01:10 (945 turns).

leviel the Skirmisher (Minotaur Fighter)             Turns: 945, Time: 00:01:10

Health: -1/33      AC:  7    Str: 21    XL:     3   Next: 76%
Magic:  2/2        EV:  7    Int:  5    God:
Gold:   45         SH:  9    Dex:  9    Spells: 2/2 levels left

rFire    . . .     SeeInvis .   a - +0 war axe
rCold    . . .     Faith    .   c - +0 kite shield
rNeg     . . .     Spirit   .   b - +0 scale mail
rPois    .         Reflect  .   (helmet restricted)
rElec    .         Harm     .   (no cloak)
rCorr    .         Rampage  .   (no gloves)
Will     .....                  (no boots)
Stlth    ..........             (no amulet)
HPRegen  0.11/turn              (no ring)
MPRegen  0.08/turn              (no ring)

@: no status effects
A: horns 2, retaliatory headbutt
a: no special abilities


You were on level 2 of the Dungeon.
You visited 1 branch of the dungeon, and saw 2 of its levels.

You collected 45 gold pieces.

Inventory:

Hand Weapons
 a - a +0 war axe (weapon)
Armour
 b - a +0 scale mail (worn)
 c - a +0 kite shield (worn)
Scrolls
 f - a scroll of blinking {unknown}
 g - a scroll of identify {unknown}
 h - a scroll of enchant armour {unknown}
Potions
 d - a potion of might


   Skills:
 + Level 4.2 Fighting
 * Level 3.2 Axes
 + Level 0.5 Throwing
 + Level 4.0 Armour
 + Level 0.4 Dodging
 + Level 4.0 Shields
 + Level 0.5 Invocations


You had 2 spell levels left.
You didn't know any spells.
Your spell library was empty.

Dungeon Overview and Level Annotations

Branches:
Dungeon (2/15)

Altars:


Innate Abilities, Weirdness & Mutations

You have a pair of horns on your head.
You reflexively headbutt those who attack you in melee.


Message History

You are too injured to fight recklessly!
You are too injured to fight recklessly!
You are too injured to fight recklessly!
You are too injured to fight recklessly!
You are too injured to fight recklessly!
Unknown command.
You are too injured to fight recklessly!
You see here 12 stones.
You slash the rat!
You kill the rat!
You barely miss the gnoll. The gnoll hits you with a +0 flail!
* * * LOW HITPOINT WARNING * * *
You block the gnoll's attack. The gnoll hits you but does no damage.
The gnoll hits you from afar with a +0 spear.
* * * LOW HITPOINT WARNING * * *
Number of times to repeat, then command key: You must enter the number of times for the command to repeat.
It was a potion of heal wounds.
You feel much better. The gnoll hits you with a +0 flail.
You block the gnoll's attack.
Your scale mail prevents you from hitting the gnoll.
You block the gnoll's attack. x2; The gnoll hits you with a +0 flail!
You completely miss the gnoll.
The gnoll hits you from afar with a +0 spear.
The gnoll barely misses you. You block the gnoll's attack.
You slash the gnoll!
The gnoll is severely wounded.
The gnoll hits you with a +0 flail!
* * * LOW HITPOINT WARNING * * *
You block the gnoll's attack. x2
You slash the gnoll!
You kill the gnoll!
The gnoll hits you but does no damage.
The gnoll hits you from afar with a +0 spear.
* * * LOW HITPOINT WARNING * * *
The gnoll closely misses you. You furiously retaliate!
You headbutt the gnoll! You slash the gnoll!
You kill the gnoll!
You block the gnoll's attack. x2
The gnoll hits you with a +0 spear.
You die...

..........†..### .
.....(.......#
.........()##
#..........#
#....#.....#
#....†.....#
###...###....#
#...#.#(#.#..####
#.....#@#........
##.#....g)...#....
#.....##.##.......
..###.#.).#.###...
#.#$..).[....[#.#.
..###.#...#.###...
......##.##......[
...#.........#....
#......#.#.......


You could see a gnoll.

Vanquished Creatures
  2 gnolls (D:2)
  A dart slug (D:2)
  3 endoplasms
  4 goblins
  4 hobgoblins
  2 jackals (D:1)
  2 quokkas
  3 ball pythons
  3 bats
  3 frilled lizards (D:1)
  4 kobolds
  2 rats
33 creatures vanquished.

Notes
Turn   | Place    | Note
-------+----------+-------------------------------------------
     0 | D:1      | leviel the Minotaur Fighter began the quest for the Orb.
     0 | D:1      | Reached XP level 1. HP: 19/19 MP: 0/0
   302 | D:1      | Reached XP level 2. HP: 27/27 MP: 1/1
   910 | D:2      | Reached XP level 3. HP: 32/33 MP: 2/2
   945 | D:2      | Slain by a gnoll

Illustrated notes

Levels and vault maps discovered:
D:1:      dpeg_arrival_three_smaller_balls, layout_basic
D:2:      layout_basic, basic_altar, minmay_fractal_squares_5, uniq_sigmund

Skill      XL: |  1  2  3 |
---------------+----------+-----
Fighting       | 4 |  4.2
Armour         | 4 |  4.0
Shields        | 4 |  4.0
Axes           | 3 |  3.2
Throwing       | |  0.5
Dodging        | |  0.4
Invocations    | |  0.5

Action                   || total
-------------------------++-------
Melee: War axe           ||    70
       Headbutt          ||     4
  Use: Potion            ||     1
Armor: Scale mail        ||    29
Dodge: Dodged            ||    27
Block: Kite shield       ||    33

Table legend: (Time is in decaauts)
 A = Elapsed time spent in this place.
 B = Non-inter-level travel time spent in this place.
 C = Inter-level travel time spent in this place.
 D = Time resting spent in this place.
 E = Time spent auto-exploring this place.
 F = Levels seen in this place.
 G = Mean time per level.
                   A        B        C        D        E       F      G
               +--------+--------+--------+--------+--------+-----+--------+
         Total |    986 |    959 |     27 |      0 |    787 |   2 |  493.0 |
       Dungeon |    986 |    959 |     27 |      0 |    787 |   2 |  493.0 |
               +--------+--------+--------+--------+--------+-----+--------+

Top non-repeatable levels by time:
     D:1: 925 daAuts
     D:2: 60 daAuts
